 Dungeon Crawl Stone Soup version 0.21.1-1-g345015f (webtiles) character file.

438 letownia2 the Chiller (level 7, -1/32 HPs)
             Began as a Vine Stalker Ice Elementalist on Feb 24, 2018.
             Was an Initiate of Sif Muna.
             Slain by an ogre
             ... wielding a +0 giant club
              (16 damage)
             ... on level 7 of the Dungeon.
             The game lasted 00:08:58 (1568 turns).

letownia2 the Chiller (VSIE)                        Turns: 1568, Time: 00:08:59

Health: -1/32      AC: 10    Str: 10    XL:     7   Next: 1%
Magic:  0/13       EV:  9    Int: 17    God:    Sif Muna [......]
Gold:   188        SH:  0    Dex: 15    Spells: 2/12 levels left

rFire    x . .     SeeInvis .   a - +0 dagger (venom)
rCold    + . .     Gourm    .   (no shield)
rNeg     . . .     Faith    .   u - +0 robe
rPois    .         Spirit   +   (no helmet)
rElec    .         Reflect  .   (no cloak)
rCorr    .         Harm     .   (no gloves)
MR       .....                  t - +0 pair of boots (curse)
Stlth    ++........             (no amulet)
HPRegen  0.50/turn              q - ring of ice
MPRegen  0.13/turn              r - -3 ring of evasion (curse)

@: icy armour, slow
A: fangs 2, regeneration 1, magic shield, antimagic bite, no potion heal 3, rot
immunity
a: Renounce Religion


You were on level 7 of the Dungeon.
You worshipped Sif Muna.
Sif Muna was noncommittal.
You were not hungry.

You visited 2 branches of the dungeon, and saw 8 of its levels.

You collected 188 gold pieces.

Inventory:

Hand Weapons
 a - a +0 dagger of venom (weapon)
 e - a +0 short sword of draining
Armour
 t - a cursed +0 pair of boots (worn)
 u - a +0 robe (worn)
Jewellery
 h - an uncursed ring of resist corrosion
 q - a ring of ice (left hand)
 r - a cursed -3 ring of evasion (right hand)
Wands
 n - a wand of enslavement (13)
Scrolls
 d - a scroll of remove curse {unknown}
 f - a scroll of enchant armour
 k - 3 scrolls of identify
 l - 2 scrolls of fear
 m - a scroll of blinking {unknown}
 v - 2 scrolls of teleportation {unknown}
Potions
 g - 2 potions of haste {unknown}
 i - 2 potions of flight {unknown}
 j - 2 potions of brilliance {unknown}
 o - 3 potions of curing
 p - a potion of lignification
Books
 b - a book of Frost

   Spells                             Type                      Level
   a - Freeze                         Ice                          1
   b - Throw Frost                    Conjuration/Ice              2
   c - Ozocubu's Armour               Charms/Ice                   3
   d - Throw Icicle                   Conjuration/Ice              4
   e - Summon Ice Beast               Ice/Summoning                4
Comestibles
 c - 8 rations
 s - 6 chunks of flesh


   Skills:
 - Level 1.5 Dodging
 - Level 2.4 Stealth
 + Level 3.3 Spellcasting
 - Level 1.0 Conjurations
 - Level 2.0 Charms
 + Level 1.7 Summonings
 - Level 6.4 Ice Magic


You had 2 spell levels left.
You knew the following spells:

 Your Spells              Type           Power        Failure   Level  Hunger
a - Freeze                Ice            ####         1%          1    None
f - Throw Frost           Conj/Ice       ###...       5%          2    ##.....
i - Summon Ice Beast      Ice/Summ       ####....     30%         4    ####...
o - Ozocubu's Armour      Chrm/Ice       ####....     9%          3    ###....


Dungeon Overview and Level Annotations

Branches:
Dungeon (7/15)             Temple (1/1) D:4

Altars:
Ashenzari
Cheibriados
Dithmenos
Gozag
Hepliaklqana
Okawaru
Ru
Sif Muna
Trog
Uskayaw
Vehumet
Wu Jian
Xom
Yredelemnul
Zin
The Shining One


Innate Abilities, Weirdness & Mutations

You have extremely sharp teeth.
Your natural rate of healing is unusually fast.
When hurt, damage is shared between your health and your magic reserves.
Your bite disrupts and absorbs the magic of your enemies.
Potions cannot restore your health.
You are immune to rotting.


Message History

Aiming: Throw Frost
Press: ? - help, Shift-Dir - straight line, f - ogre
Aim: an ogre, wielding a giant club You feel a surge of power!
The puff of frost hits the ogre.
The ogre is moderately wounded.
Casting: Throw Frost
Confirm with . or Enter, or press ? or * to list all spells.
Aiming: Freeze
Press: ? - help, Shift-Dir - straight line, f/p - ogre
Aim: an ogre, wielding a giant club (moderately wounded)
Okay, then.
You barely miss the ogre.
The ogre is moderately wounded.
The ogre hits you with a giant club!!
Ouch! That really hurt!
You hit the ogre.
The ogre is poisoned.
The ogre is heavily wounded.
The ogre hits you with a giant club!!
Ouch! That really hurt!
You die...

#.[.......
#.........
#.........
#......... #.
#......... #.
#.........
#####.###.!.......
#.........@O......
#...........######
#...........#
#...........#####
#................
##................
.....).............
.............######
.............#


You could see an ogre.

Vanquished Creatures
  An ogre (D:6)
  A howler monkey (D:4)
  2 orc wizards (D:5)
  Jessica (D:2)
  An iguana (D:7)
  2 worker ants (D:5)
  2 howler monkey zombies (D:5)
  A worker ant zombie (D:5)
  3 gnolls (D:5)
  3 adders
  A howler monkey skeleton (D:5)
  2 adder zombies
  A worm (D:5)
  A dart slug (D:2)
  2 leopard geckos
  3 orcs
  5 bats
  3 giant cockroaches
  2 goblins
  3 hobgoblins
  6 jackals (D:5)
  A quokka (D:2)
  A ball python (D:4)
  A frilled lizard (D:2)
  3 kobolds
  A leopard gecko skeleton (D:5)
  A quokka zombie (D:5)
  7 rats
61 creatures vanquished.

Notes
Turn   | Place    | Note
-------+----------+-------------------------------------------
     0 | D:1      | letownia2 the Vine Stalker Ice Elementalist began the quest for the Orb.
     0 | D:1      | Reached XP level 1. HP: 9/9 MP: 4/4
    36 | D:1      | Found a snail-covered altar of Cheibriados.
   104 | D:1      | Reached XP level 2. HP: 5/13 MP: 0/6
   117 | D:2      | Noticed Jessica
   138 | D:2      | Killed Jessica
   138 | D:2      | Reached skill level 4 in Ice Magic
   138 | D:2      | Reached XP level 3. HP: 9/16 MP: 0/7
   143 | D:2      | Learned a level 3 spell: Ozocubu's Armour
   610 | D:3      | Reached skill level 1 in Charms
   610 | D:3      | Gained mutation: Your natural rate of healing is unusually fast. [Vine Stalker growth]
   610 | D:3      | Reached XP level 4. HP: 11/21 MP: 0/8
   617 | D:3      | Learned a level 2 spell: Throw Frost
   736 | D:4      | Found an opulent altar of Gozag.
   736 | D:4      | Found a radiant altar of Vehumet.
   736 | D:4      | Found a hide-covered altar of Uskayaw.
   737 | D:4      | Found a bloodstained altar of Trog.
   836 | D:5      | Entered Level 5 of the Dungeon
   906 | D:5      | Reached skill level 5 in Ice Magic
   906 | D:5      | Reached XP level 5. HP: 19/24 MP: 4/9
  1109 | D:4      | Reached skill level 6 in Ice Magic
  1109 | D:4      | Reached XP level 6. HP: 22/28 MP: 7/10
  1175 | D:4      | Found a staircase to the Ecumenical Temple.
  1202 | Temple   | Entered the Ecumenical Temple
  1296 | Temple   | Became a worshipper of Sif Muna the Loreminder
  1422 | D:6      | Learned a level 4 spell: Summon Ice Beast
  1465 | D:6      | HP: 1/28 [ogre/giant club (18)]
  1473 | D:6      | Reached skill level 1 in Summonings
  1504 | D:6      | Noticed an orc warrior
  1559 | D:7      | Reached XP level 7. HP: 32/32 MP: 8/13
  1568 | D:7      | Slain by an ogre

Skill      XL: |  1  2  3  4  5  6 |
---------------+-------------------+-----
Ice Magic      | 4 5 6 |  6.4
Charms         | 1 2 |  2.0
Spellcasting   | 3 |  3.3
Summonings     | 1 |  1.7
Dodging        | |  1.5
Stealth        | |  2.4
Conjurations   | |  1.0

Action                   |  1- 3 |  4- 6 |  7- 9 || total
-------------------------+-------+-------+-------++-------
Melee: Short sword       |    16 |    83 |       ||    99
       Bite              |       |    29 |       ||    29
       Dagger            |       |    14 |     2 ||    16
 Cast: Freeze            |    26 |    29 |       ||    55
       Ozocubu's Armour  |       |    10 |       ||    10
       Throw Frost       |       |       |     1 ||     1
  Use: Scroll            |       |     3 |       ||     3
 Stab: Sleeping          |     3 |     2 |       ||     5
       Distracted        |     1 |       |       ||     1
  Eat: Chunk             |       |     4 |       ||     4
Armor: Robe              |     6 |    37 |       ||    43
Dodge: Dodged            |    19 |    78 |       ||    97
